 Dungeon Crawl Stone Soup version 0.24-a0-417-g1cce26a4d2 (webtiles) character file.

Game seed: 12740870026935253772

1019 JellyEater the Digger (level 8, 0/41 HPs)
             Began as a Gargoyle Earth Elementalist on June 10, 2019.
             Shot with an arrow by a centaur (2 damage)
             ... on level 5 of the Dungeon.
             The game lasted 00:16:09 (5092 turns).

JellyEater the Digger (Gargoyle Earth Elementalist) Turns: 5092, Time: 00:16:09

Health: 0/41       AC:  8    Str: 13    XL:     8   Next: 22%
Magic:  5/16       EV: 17    Int: 17    God:
Gold:   213        SH:  0    Dex: 15    Spells: 8/17 levels left

rFire    . . .     SeeInvis .   u - +2 mace (protect)
rCold    . . .     Gourm    .   (no shield)
rNeg     + . .     Faith    .   r - +2 robe
rPois    ∞         Spirit   .   (no helmet)
rElec    +         Reflect  .   p - -2 cloak (curse)
rCorr    .         Harm     .   (no gloves)
MR       .....                  (no boots)
Stlth    +++.......             (no amulet)
HPRegen  0.13/turn              e - ring of wizardry
MPRegen  0.15/turn              (no ring)

@: agile, very slightly contaminated, hasted, very quick
A: negative energy resistance 1, electricity resistance, unbreathing,
petrification resistance, rot immunity, AC +5
a: no special abilities


You were on level 5 of the Dungeon.
You were not hungry.

You visited 1 branch of the dungeon, and saw 5 of its levels.

You collected 213 gold pieces.

Inventory:

Hand Weapons
 t - a +0 morningstar of draining
 u - a +2 mace of protection (weapon)
Missiles
 b - 8 stones (quivered)
 m - a throwing net
Armour
 p - a cursed -2 cloak (worn)
 r - a +2 robe (worn)
Jewellery
 e - a ring of wizardry (left hand)
Wands
 f - a wand of acid (10)
 o - a wand of enslavement (9)
 s - a wand of polymorph (7)
Scrolls
 l - 3 scrolls of identify
Potions
 h - a potion of haste
 j - a potion of brilliance
 q - 2 potions of cancellation
Comestibles
 c - 6 chunks of flesh
 d - 12 rations


   Skills:
 - Level 1.5 Dodging
 - Level 2.1 Stealth
 + Level 5.3 Spellcasting
 + Level 5.3 Conjurations
   Level 0.7 Transmutations
 + Level 7.5 Earth Magic


You had 8 spell levels left.
You knew the following spells:

 Your Spells              Type           Power        Failure   Level  Hunger
a - Sandblast             Erth           ####..       1%          1    None
b - Stone Arrow           Conj/Erth      ####..       1%          3    ##.....
c - Lee's Rapid Deconstr  Erth           ####......   7%          5    ######.

Your spell library contained the following spells:

 Spells                   Type           Power        Failure   Level  Hunger
 Passwall                 Tmut/Erth      ###.....     1%          2    #......
 Petrify                  Tmut/Erth      ###.....     11%         4    ####...


Dungeon Overview and Level Annotations

Branches:
Dungeon (5/15)
 Temple: D:4-7

Altars:
Cheibriados


Innate Abilities, Weirdness & Mutations

You are resistant to torment.
Your stone body is resilient. (AC +5)
You are immune to poison.
You resist negative energy. (rN+)
You are resistant to electric shocks. (rElec)
You can survive without breathing.
You are immune to petrification.
You are immune to rotting.


Message History

Unknown command.
Casting: Sandblast (safe; 1% risk of failure)
Confirm with . or Enter, or press ? or * to list all spells.
You don't have enough magic to cast that spell.
Unknown command.
You feel better.
The centaur shoots an arrow.
The arrow barely misses you.
Unknown command.
Unknown command.
You feel agile all of a sudden.
The centaur shoots an arrow.
The arrow barely misses you.
The centaur shoots an arrow.
The arrow barely misses you.
You feel yourself speed up.
The centaur shoots an arrow.
The arrow hits you.
* * * LOW HITPOINT WARNING * * *
Unknown command.
Unknown command.
The centaur shoots an arrow.
The arrow completely misses you.
The centaur shoots an arrow.
The arrow misses you.
You see here an arrow.
The centaur shoots an arrow.
The arrow hits you.
You die...

...... .............#.
......## #.............
..(....###.............
.......#.#.............
.........c...(..(.....
......§#.(...(........
.......#........(##..
........#...nl.(##
........#....#..@##..#
.......##....#........#
........#..##...........
................#.......
................#.......
.......)..#..###.#....
...............#.#.... .
..........(......# ##...
...........<(....#......


You could see a necrophage, a centaur and an iguana.

Vanquished Creatures
  Menkaure (D:4)
  Duvessa (D:4)
  An ice beast (D:5)
  A centaur (D:5)
  Blork the orc (D:4)
  A bullfrog (D:4)
  Dowan (D:4)
  2 crimson imps (D:5)
  A hound (D:4)
  An orc priest (D:4)
  An orc wizard (D:4)
  2 worker ants
  6 gnolls
  5 adders
  4 oozes
  An adder zombie (D:4)
  An adder skeleton (D:4)
  3 worms
  A dart slug (D:2)
  2 leopard geckos (D:2)
  7 orcs
  A ball python (D:2)
  9 bats
  3 giant cockroaches
  7 goblins
  10 hobgoblins
  2 jackals (D:3)
  2 quokkas
  14 frilled lizards
  9 kobolds
  A leopard gecko skeleton (D:4)
  6 rats
108 creatures vanquished.

Vanquished Creatures (collateral kills)
  2 gnolls (D:3)
2 creatures vanquished.

Grand Total: 110 creatures vanquished

Notes
Turn   | Place    | Note
-------+----------+-------------------------------------------
     0 | D:1      | JellyEater the Gargoyle Earth Elementalist began the quest
                  | for the Orb.
     0 | D:1      | Reached XP level 1. HP: 10/10 MP: 3/3
   106 | D:1      | Reached skill level 4 in Earth Magic
   106 | D:1      | Reached XP level 2. HP: 15/15 MP: 1/5
   527 | D:1      | Reached XP level 3. HP: 19/19 MP: 4/7
   532 | D:1      | Learned a level 3 spell: Stone Arrow
  1655 | D:2      | Reached XP level 4. HP: 19/24 MP: 4/8
  1657 | D:2      | Reached skill level 1 in Conjurations
  2620 | D:3      | Reached skill level 5 in Earth Magic
  2765 | D:3      | Reached XP level 5. HP: 20/28 MP: 6/9
  2971 | D:2      | Learned a level 5 spell: Lee's Rapid Deconstruction
  3747 | D:4      | Reached XP level 6. HP: 32/32 MP: 6/11
  3960 | D:4      | Noticed Menkaure
  3999 | D:4      | Noticed Blork the orc
  4002 | D:4      | Killed Menkaure
  4002 | D:4      | Reached skill level 6 in Earth Magic
  4007 | D:4      | Killed Blork the orc
  4007 | D:4      | Reached XP level 7. HP: 30/36 MP: 1/13
  4701 | D:4      | Found a snail-covered altar of Cheibriados.
  4781 | D:4      | Noticed Duvessa
  4781 | D:4      | Noticed Dowan
  4788 | D:4      | Killed Dowan
  4795 | D:4      | Killed Duvessa
  4795 | D:4      | Reached skill level 7 in Earth Magic
  4948 | D:5      | Entered Level 5 of the Dungeon
  4953 | D:5      | Reached skill level 5 in Spellcasting
  4975 | D:5      | Reached XP level 8. HP: 39/41 MP: 8/15
  5040 | D:5      | Reached skill level 5 in Conjurations
  5086 | D:5      | HP: 1/41 [centaur/arrow (8)]
  5092 | D:5      | Shot with an arrow by a centaur

Levels and vault maps discovered:
D:1:      lightli_arrival_windingriver, layout_basic, serial_bayou_pond_a,
          minmay_vboxes
D:2:      layout_basic, minmay_lizard_king
D:3:      layout_loops_ring, first_ration
D:4:      layout_basic, kennysheep_little_box, kennysheep_small_circle,
          uniq_menkaure, uniq_duvessa, uniq_blork_the_orc
D:5:      layout_cave_pools

Skill      XL: |  1  2  3  4  5  6  7  8 |
---------------+-------------------------+-----
Earth Magic    | 4 5 6 7 |  7.5
Spellcasting   | 3 4 5 |  5.3
Conjurations   | 1 3 4 5 |  5.3
Dodging        | |  1.5
Stealth        | |  2.1
Transmutations | |  0.7

Action                   |  1- 3 |  4- 6 |  7- 9 || total
-------------------------+-------+-------+-------++-------
Melee: Dagger            |    57 |       |       ||    57
       Flail             |    18 |   137 |    29 ||   184
       Mace              |       |       |     7 ||     7
 Cast: Sandblast         |    22 |    36 |    35 ||    93
       Stone Arrow       |       |     4 |     1 ||     5
       Lee's Rapid Decon |       |     2 |     3 ||     5
Evoke: Wand              |       |     2 |       ||     2
  Use: Scroll            |     7 |     3 |     4 ||    14
       Potion            |       |       |     5 ||     5
 Stab: Sleeping          |     4 |     6 |       ||    10
  Eat: Chunk             |     1 |    10 |     5 ||    16
Armor: Robe              |    21 |    68 |    23 ||   112
Dodge: Dodged            |    56 |   117 |    65 ||   238

Table legend:
 A = Non-vault XP
 B = Vault XP
 C = Vault XP percentage of total XP
 D = Non-vault monster count
 E = Vault monster count
 F = Vault count percentage of total count
                 A         B        C        D         E       F
            +---------+---------+-------+---------+---------+-------
      Total |     931 |     526 |  36.1 |      88 |      22 |  20.0
            +---------+---------+-------+---------+---------+-------
        D:1 |      40 |      20 |  33.3 |      16 |       7 |  30.4
        D:2 |      62 |      12 |  16.2 |      21 |      10 |  32.3
        D:3 |     166 |       0 |   0.0 |      30 |       0 |   0.0
        D:4 |     302 |     494 |  62.1 |      15 |       5 |  25.0
        D:5 |     361 |       0 |   0.0 |       6 |       0 |   0.0
            +---------+---------+-------+---------+---------+-------
